 Dungeon Crawl Stone Soup version 0.15.2 (webtiles) character file.

395 barney the Changer (level 6, 0/50 HPs)
             Began as a Draconian Transmuter on Dec 28, 2014.
             Was an Initiate of Cheibriados.
             Slain by a gnoll
             ... wielding a +0 spear
              (7 damage)
             ... on Level 4 of the Dungeon.
             The game lasted 00:07:03 (3204 turns).

barney the Changer (Draconian Transmuter)           Turns: 3204, Time: 00:07:03

HP   0/50        AC  2     Str 14      XL: 6   Next: 52%
MP   9/11        EV 25     Int 16      God: Cheibriados [......]
Gold 121         SH  0     Dex 17      Spells:  2 memorised,  6 levels left

rFire  . . .     SeeInvis .     g - melded +0 whip (venom)
rCold  . . .     Clarity  .     (armour unavailable)
rNeg   . . .     rCorr    .     (shield currently unavailable)
rPois  x         rRot     .     (helmet currently unavailable)
rElec  .         Spirit   .     (cloak currently unavailable)
SustAb .         Warding  .     (gloves currently unavailable)
rMut   .         Stasis   .     (boots currently unavailable)
Gourm  .                        (no amulet)
MR     .....                    (no ring)
                                n - +4 ring of evasion

@: spider-form (expiring), very slow, not resistant to hostile enchantments,
unstealthy
A: unfitting armour, (cold-blooded), AC +6
a: End Transformation, Bend Time, Renounce Religion


You were on level 4 of the Dungeon.
You worshipped Cheibriados.
Cheibriados was noncommittal.
You were not hungry.
You were in spider-form.
You visited 2 branches of the dungeon, and saw 5 of its levels.

You collected 121 gold pieces.

Inventory:

Hand weapons
 g - a +0 whip of venom (melded)
Missiles
 b - 27 arrows
Comestibles
 a - 3 bread rations
 f - 3 royal jellies
 i - a slice of pizza
 m - a chunk of adder flesh
Scrolls
 c - 3 scrolls of teleportation
 e - 4 scrolls of remove curse {unknown}
 h - a scroll of magic mapping {unknown}
 o - 2 scrolls of noise {unknown}
Jewellery
 n - a +4 ring of evasion (left front leg)
Potions
 j - a potion of heal wounds
 k - a potion of lignification {unknown}
 l - a potion of degeneration {unknown}
 q - a potion of magic {unknown}
 r - 2 potions of brilliance {unknown}
Books
 d - a book of Changes

   Spells                             Type                      Level
   *Beastly Appendage                 Transmutation                1
   Sticks to Snakes                   Transmutation                2
   *Spider Form                       Transmutation/Poison         3
   Ice Form                           Ice/Transmutation            4
   Blade Hands                        Transmutation                5


   Skills:
 + Level 2.9 Fighting
 + Level 3.1 Dodging
 + Level 4.2 Unarmed Combat
 + Level 2.7 Spellcasting
 * Level 4.3 Transmutations
 + Level 0.7 Invocations


You had 6 spell levels left.
You knew the following spells:

 Your Spells              Type           Power        Failure   Level  Hunger
a - Beastly Appendage     Trmt           ###...       12%         1    #......
b - Spider Form           Trmt/Pois      #.........   50%         3    ###....


Dungeon Overview and Level Annotations

Branches:
Dungeon (4/15)             Temple (1/1) D:4

Altars:
Ashenzari
Cheibriados
Dithmenos
Fedhas
Kikubaaqudgha
Nemelex Xobeh
Okawaru
Qazlal
Trog
Xom
Yredelemnul
Zin
The Shining One


Innate Abilities, Weirdness & Mutations

((Your plain brown scales are hard (AC +6).))
Your body does not fit into most forms of armour.
((Your cold-blooded metabolism reacts poorly to cold.))


Message History

A gnoll is nearby!
Casting: Spider Form
Confirm with . or Enter, or press ? or * to list all spells.
You turn into a venomous arachnid creature.
Your +0 whip of venom melds into your body.
Your +0 whip of venom stops dripping with poison.
Your transformation is almost over.
The gnoll completely misses you.
You hit the gnoll.
The gnoll is poisoned.
The gnoll is moderately wounded.
The gnoll hits you with a halberd!
You hit the gnoll.
The gnoll looks even sicker.
The gnoll is severely wounded.
The gnoll misses you.
You barely miss the gnoll.
The gnoll is severely wounded.
The gnoll hits you with a halberd!
* * * LOW HITPOINT WARNING * * *
The gnoll hits you from afar with a spear!
You die...

.....#........................%..
###.##...........................
###'#.....###'####'##'#####+#....
....+.....'.....'...........+....
....#.....#.....#.....<.....#....
##+##.....##..####...###.##'#)...
#......#'####'####g#####.#.......
'......#..............#..#.......
#......'........sg....'..+.......
#......#####..###...###..#.......
...##+######..###...###..#####+##
...#....+......%'...#...........
...'....#.......#...'...........+
...#....##....###...##..........#
...##'#######'###...##..........#
...#....#...........####'#####+##
...#....+...........#............


You could see 2 gnolls.

Vanquished Creatures
  A centaur (D:4)
  A scorpion (D:4)
  A hound (D:4)
  A worker ant (D:4)
  3 iguanas (D:4)
  2 gnolls (D:4)
  6 adders
  A worm (D:3)
  3 giant geckos
  An ooze (D:3)
  An orc (D:4)
  A ball python (D:1)
  5 bats
  5 giant cockroaches
  3 goblins
  6 hobgoblins
  4 jackals (D:3)
  A quokka (D:2)
  5 giant newts
  6 kobolds
  7 rats
64 creatures vanquished.

Notes
Turn   | Place    | Note
--------------------------------------------------------------
     0 | D:1      | barney, the Draconian Transmuter, began the quest for the Orb.
     0 | D:1      | Reached XP level 1. HP: 16/16 MP: 3/3
   378 | D:1      | Reached XP level 2. HP: 21/23 MP: 2/4
  1014 | D:2      | Reached XP level 3. HP: 22/29 MP: 4/6
  1557 | D:3      | Reached XP level 4. HP: 31/36 MP: 5/7
  1993 | D:4      | Noticed a centaur
  2006 | D:4      | Killed a centaur
  2006 | D:4      | Reached XP level 5. HP: 23/42 MP: 6/9
  2326 | D:4      | Found a staircase to the Ecumenical Temple.
  2341 | Temple   | Entered the Ecumenical Temple
  2392 | Temple   | Became a worshipper of Cheibriados the Contemplative
  2491 | D:4      | Reached skill level 4 in Transmutations
  2525 | D:4      | Reached XP level 6. HP: 18/50 MP: 9/11
  2909 | D:4      | Learned a level 3 spell: Spider Form
  3204 | D:4      | Slain by a gnoll

Action                   |  1- 3 |  4- 6 || total
-------------------------+-------+-------++-------
Melee: Unarmed           |   145 |   141 ||   286
       Whip              |       |    10 ||    10
 Cast: Beastly Appendage |    16 |    14 ||    30
       Spider Form       |       |     3 ||     3
  Use: Potion            |       |     5 ||     5
       Scroll            |       |     1 ||     1
  Eat: Chunk             |     1 |     2 ||     3
       Beef jerky        |     1 |       ||     1
       Meat ration       |       |     1 ||     1
